 Dungeon Crawl Stone Soup version 0.25-a0-566-g062765be81 (webtiles) character file.

Game seed: 7688956244463151196, levelgen mode: deterministic

21 vurker the Gusty (level 2, 0/12 HPs)
             Began as a Felid Air Elementalist on Feb 28, 2020.
             Slain by a centaur skeleton (7 damage)
             ... on level 2 of the Dungeon.
             The game lasted 00:00:52 (1318 turns).

vurker the Gusty (Felid Air Elementalist)           Turns: 1318, Time: 00:00:53

Health: 0/12       AC:  1    Str:  4    XL:     2   Next: 65%
Magic:  1/6        EV: 18    Int: 16    God:
Gold:   61         SH:  0    Dex: 16    Spells: 4/5 levels left
                                        Lives:  0   Deaths: 0

rFire    . . .     SeeInvis +   (weapon unavailable)
rCold    . . .     Gourm    .   (shield unavailable)
rNeg     . . .     Faith    .   (armour unavailable)
rPois    .         Spirit   .   (helmet unavailable)
rElec    .         Reflect  .   (cloak unavailable)
rCorr    .         Harm     .   (gloves unavailable)
MR       .....                  (boots unavailable)
Stlth    +++.......             (no amulet)
HPRegen  0.04/turn              (no ring)
MPRegen  0.10/turn              (no ring)

@: quick
A: very small, no armour, no weapons or thrown items, stealth, claws 1, fangs 3,
see invisible, carnivore, speed 1, shaggy fur 1, slow metabolism 1, sharp paws
a: no special abilities


You were on level 2 of the Dungeon.
You were very full.

You visited 1 branch of the dungeon, and saw 2 of its levels.

You collected 61 gold pieces.

Inventory:

Scrolls
 c - a scroll of remove curse {unknown}
Potions
 a - a potion of degeneration {unknown}
 b - a potion of flight {unknown}
Comestibles
 e - 3 rations


   Skills:
 + Level 0.7 Fighting
 - Level 2.6 Dodging
 - Level 2.6 Stealth
 * Level 2.3 Spellcasting
 + Level 1.1 Conjurations
 * Level 3.1 Air Magic


You had 4 spell levels left.
You knew the following spells:

 Your Spells              Type           Power        Failure   Level  Hunger
a - Shock                 Conj/Air       #...         9%          1    #......

Your spell library contained the following spells:

 Spells                   Type           Power        Failure   Level  Hunger
 Swiftness                Chrm/Air       #.......     16%         2    ###....
 Static Discharge         Conj/Air       #.......     26%         3    ###....
 Airstrike                Air            ##........   50%         4    #####..
 Lightning Bolt           Conj/Air       #.........   93%         5    ######.


Dungeon Overview and Level Annotations

Branches:
Dungeon (2/15)

Altars:


Innate Abilities, Weirdness & Mutations

You cannot wear armour.
You are incapable of wielding weapons or throwing items.
Your paws allow you to move quietly. (Stealth)
You have sharp claws.
You have razor-sharp teeth.
You have supernaturally acute eyesight. (SInv)
You are carnivorous and can eat meat at any time.
You cover ground quickly.
You are covered in fur. (AC +1)
You have a slow metabolism.
Your sharp claws are effective at attacking unaware monsters.


Message History

You see here a dart slug corpse.
You butcher the dart slug corpse.
a - a chunk of flesh
b - a sedimented blue potion
Found 19 gold pieces.
You now have 35 gold pieces (gained 7).
Found 6 gold pieces.
Found a ration.
You now have 41 gold pieces (gained 6).
Your magical contamination has completely faded away.
You now have 53 gold pieces (gained 12).
e - 3 rations (gained 1)
You aren't carrying any pieces of jewellery.
Found 8 gold pieces.
You now have 61 gold pieces (gained 8).
Found a scroll labeled XIAPAU NICO.
c - a scroll labeled XIAPAU NICO
There is a stone staircase leading down here.
All of the chunks of flesh in your inventory have rotted away.
Found a ring mail.
Found a white potion.
You see here a ring mail.
a - a white potion You see here a ring mail.
You enter the shallow water.
Moving in this stuff is going to be slow.
You enter the shallow water.
Moving in this stuff is going to be slow.
Key pressed, stopping explore.
You enter the shallow water.
Moving in this stuff is going to be slow.
Partly explored, can't reach some places.
Partly explored, can't reach some places.
Partly explored, can't reach some places.
Partly explored, can't reach some places.
Partly explored, can't reach some places.
There is a stone staircase leading down here.
You climb downwards.
A centaur skeleton comes into view.
Found 12 gold pieces.
There is a stone staircase leading up here.
Okay, then.
The zap hits the centaur skeleton. x2
The zap hits the centaur skeleton. x2; The centaur skeleton misses you.
The zap hits the centaur skeleton. x2; The centaur skeleton hits you.
The zap hits the centaur skeleton. x2; The centaur skeleton hits you.
The centaur skeleton completely misses you.
The zap hits the centaur skeleton. x2; The centaur skeleton hits you!
Ouch! That really hurt!
You die...

### ..# #.#
#.#
###.#######
#..........
#@#
#.....Z.#
.......##
###...#
##$. ...
##. #+


You could see a centaur skeleton.

Vanquished Creatures
  A dart slug (D:1)
  A leopard gecko (D:1)
  A goblin (D:1)
  2 hobgoblins (D:1)
  3 jackals (D:1)
  3 bats (D:1)
  A frilled lizard (D:1)
  2 kobolds (D:1)
  5 rats (D:1)
19 creatures vanquished.

Notes
Turn   | Place    | Note
-------+----------+-------------------------------------------
     0 | D:1      | vurker the Felid Air Elementalist began the quest for the
                  | Orb.
     0 | D:1      | Reached XP level 1. HP: 7/7 MP: 4/4
    73 | D:1      | Reached skill level 1 in Conjurations
   260 | D:1      | Reached XP level 2. HP: 12/12 MP: 4/6
   349 | D:1      | Reached skill level 3 in Air Magic
  1318 | D:2      | Slain by a centaur skeleton

Levels and vault maps discovered:
D:1:      lemuel_arrival_river_ford, layout_basic
D:2:      layout_loops_corners, chequers_ecumenical_altar_simple

Skill      XL: |  1  2 |
---------------+-------+-----
Conjurations   | 1 |  1.1
Air Magic      | 3 |  3.1
Fighting       | |  0.7
Dodging        | |  2.6
Stealth        | |  2.6
Spellcasting   | |  2.3

Action                   || total
-------------------------++-------
Melee: Unarmed           ||    17
       Bite              ||     1
 Cast: Shock             ||    39
  Eat: Chunk             ||     8
Dodge: Dodged            ||    23

Table legend:
 A = Non-vault XP
 B = Vault XP
 C = Vault XP percentage of total XP
 D = Non-vault monster count
 E = Vault monster count
 F = Vault count percentage of total count
                 A         B        C        D         E       F
            +---------+---------+-------+---------+---------+-------
      Total |      31 |       0 |   0.0 |      19 |       0 |   0.0
            +---------+---------+-------+---------+---------+-------
        D:1 |      31 |       0 |   0.0 |      19 |       0 |   0.0
            +---------+---------+-------+---------+---------+-------
